Map: Thunderbird LE

Players

souL

  • Race: Terran Terran
  • Spawn Location: 5:00

SKillous - Winner!

  • Race: Protoss Protoss
  • Spawn Location: 11:00

VOD

Have the link to the VOD?

Description

Time

  • Played on: Sept. 6, 2019, 7:49 p.m.
  • Length: 13:46
Show
View Real Time Build Order
Export as new Build Order

souL Terran 

Build Orders: Gas First Reaper Expand 

Get SALT Encoding   

  12  0:00  SCV  
  13  0:12  SCV  
  14  0:17  Supply Depot  
  14  0:24  SCV  
  14  0:28  Refinery  
  15  0:38  SCV  
  16  0:44  Barracks  
  16  0:50  SCV  
  17  1:02  SCV  
  18  1:14  SCV  
  19  1:31  Orbital Command, Reaper  
  20  1:43  Command Center  
  20  1:55  Factory  
  20  1:58  SCV  
  21  2:05  Barracks Reactor  
  21  2:10  SCV  
  21  2:14  Supply Depot  
  22  2:16  Refinery  
  22  2:22  SCV  
  23  2:35  SCV  
  24  2:42  Marine  
  24  2:43  Marine  
  26  2:44  Starport  
  26  2:47  SCV  
  26  2:48  Widow Mine  
  29  3:00  Orbital Command, Marine  
  29  3:01  SCV  
  29  3:05  Marine  
  31  3:10  Factory Tech Lab  
  31  3:14  SCV  
  31  3:19  Marine  
  33  3:22  Viking, Marine  
  33  3:25  SCV  
  38  3:27  SCV  
  38  3:36  Cyclone  
  38  3:37  SCV  
  42  3:43  SCV  
  42  3:44  Supply Depot  
  42  3:45  Marine  
  42  3:47  Marine  
  45  3:50  SCV  
  46  3:56  Supply Depot  
  46  3:58  Bunker  
  46  4:05  Viking, SCV x2  
  46  4:07  Marine x2  
  52  4:17  Cyclone  
  52  4:18  SCV  
  52  4:20  Supply Depot, SCV  
  56  4:25  Marine  
  56  4:30  SCV  
  57  4:32  SCV  
  58  4:41  Command Center  
  58  4:42  SCV  
  58  4:44  SCV  
  60  4:45  Marine  
  60  4:49  Starport Tech Lab  
  60  4:50  Siege Tank  
  60  4:52  Supply Depot  
  64  4:54  SCV  
  64  4:56  Supply Depot  
  64  4:59  SCV  
  66  5:07  Refinery, SCV  
  68  5:09  Barracks  
  68  5:11  SCV  
  68  5:19  SCV  
  68  5:21  Barracks  
  68  5:23  SCV  
  69  5:31  SCV  
  69  5:32  Stimpack, Engineering Bay x2, Marine  
  69  5:33  Refinery  
  69  5:35  SCV  
  72  5:42  Supply Depot, Siege Tank  
  75  5:43  SCV  
  75  5:47  SCV  
  77  5:50  Marine  
  77  5:55  SCV  
  80  5:57  Orbital Command  
  80  5:59  Terran Infantry Armor Level 1, SCV, Terran Infantry Weapons Level 1  
  80  6:02  Starport Reactor  
  80  6:07  SCV  
  80  6:10  Marine x2  
  83  6:11  SCV  
  84  6:19  SCV  
  84  6:20  Marauder  
  84  6:23  SCV  
  86  6:27  Marine  
  86  6:28  Factory Reactor  
  86  6:29  Combat Shield  
  86  6:31  Supply Depot, Barracks x2, Marine, SCV  
  86  6:32  Orbital Command  
  89  6:35  SCV  
  89  6:36  Marauder  
  92  6:40  Marine  
  92  6:42  Supply Depot  
  92  6:43  SCV  
  98  6:47  SCV, Marine  
  98  6:50  Medivac x2  
  98  6:51  Marine  
  101  6:55  SCV  
  101  6:57  Marauder, SCV  
  101  6:59  Marauder  
  101  7:00  SCV  
  108  7:06  Widow Mine x2  
  108  7:08  SCV  
  113  7:11  Refinery  
  113  7:12  Refinery, Concussive Shells, SCV  
  114  7:17  Marine  
  114  7:18  Barracks Reactor, Marauder  
  114  7:19  Barracks Tech Lab  
  114  7:20  Marauder, Medivac  
  114  7:21  Supply Depot  
  120  7:22  Armory  
  120  7:23  SCV  
  120  7:26  SCV  
  122  7:30  SCV  
  122  7:31  Marine  
  122  7:35  Marine, SCV  
  125  7:43  Marauder x3  
  129  7:49  Widow Mine x2  
  133  8:02  Supply Depot  
  133  8:03  Supply Depot  
  133  8:04  Supply Depot  
  133  8:12  Marine x2  
  133  8:13  Marine x2  
  133  8:15  Medivac  
  133  8:18  Marauder  
  133  8:19  Widow Mine  
  132  8:20  Marauder  
  132  8:22  Medivac  
  132  8:23  Starport  
  132  8:24  Marauder  
  131  8:29  SCV x3  
  131  8:30  Marine x2  
  131  8:31  Terran Infantry Armor Level 2, Terran Infantry Weapons Level 2, Marine  
  131  8:33  Command Center  
  137  8:38  Ghost Academy, Terran Vehicle And Ship Armor Level 1  
  137  8:39  Marauder  
  137  8:41  SCV  
  138  8:42  Marauder  
  138  8:43  SCV  
  138  8:45  Marauder  
  138  8:46  Factory Tech Lab  
  143  8:48  Missile Turret  
  143  8:54  Marine  
  141  8:56  SCV x3  
  141  8:57  Marine  
  141  9:01  Marauder  
  140  9:03  Marauder  
  140  9:05  Missile Turret  
  140  9:06  Marauder  
  140  9:08  SCV x3  
  138  9:18  Marine  
  138  9:20  SCV  
  138  9:21  SCV x2  
  138  9:22  Marauder  
  138  9:23  Marine  
  144  9:25  Marauder  
  144  9:28  Viking x3  
  152  9:31  Viking  
  152  9:33  SCV x3  
  157  9:58  Ghost x2  
  157  9:59  Planetary Fortress, SCV x3  
  164  10:05  Marine  
  164  10:07  Ghost  
  164  10:12  Supply Depot  
  164  10:13  Supply Depot  
  163  10:14  Marine  
  164  10:25  Enhanced Shockwaves  
  164  10:33  Viking x2, SCV x2  
  164  10:34  Marauder, Viking x2  
  164  10:35  Siege Tank, SCV  
  180  10:36  Sensor Tower  
  180  10:40  Supply Depot  
  180  10:41  SCV  
  181  10:46  SCV  
  172  10:51  Refinery  
  172  10:52  Refinery  
  175  11:03  Viking  
  172  11:05  Ghost x3  
  172  11:10  Command Center  
  171  11:13  Viking x2  
  171  11:17  Viking  
  166  11:25  Supply Depot, Barracks  
  166  11:26  Barracks x2  
  166  11:29  Terran Vehicle And Ship Armor Level 2  
  166  11:33  Ghost  
  166  11:37  Ghost  
  166  11:39  Missile Turret  
  170  11:40  Missile Turret  
  170  11:42  Armory  
  170  11:47  Sensor Tower  
  170  11:56  Command Center  
  170  12:00  Viking  
  172  12:02  Viking  
  172  12:05  Viking  
  172  12:07  Personal Cloaking  
  176  12:11  Viking  
  176  12:14  Ghost  
  180  12:15  Barracks Tech Lab  
  177  12:24  Barracks Tech Lab x2  
  177  12:36  SCV x4  
  181  12:47  Viking  
  181  12:48  SCV x4  
  186  12:56  Viking x2  
  186  12:58  Refinery  
  187  13:01  Refinery  
  187  13:06  Missile Turret  
  187  13:09  Missile Turret  
  146  13:27  Marine  
Show
View Real Time Build Order
Export as new Build Order

SKillous Protoss - Winner!

Build Orders: 1 Gate Expand, Phoenix Opening, Carriers, Mass Phoenix, Colossus Rush 

Get SALT Encoding   

  12  0:00  Probe  
  13  0:12  Probe  
  14  0:18  Pylon  
  14  0:24  Probe  
  14  0:27  Assimilator  
  15  0:36  Probe  
  16  0:42  Gateway  
  16  0:44  Probe  
  17  0:52  Probe  
  18  1:03  Probe  
  19  1:15  Probe  
  20  1:22  Nexus  
  20  1:31  Cybernetics Core  
  20  1:35  Probe  
  20  1:39  Assimilator  
  22  1:47  Probe  
  22  1:49  Pylon  
  22  1:58  Adept  
  22  1:59  Probe  
  25  2:11  Probe  
  25  2:14  Stargate  
  26  2:20  Sentry  
  26  2:23  Probe  
  29  2:30  Probe  
  29  2:35  Probe  
  31  2:38  Probe  
  31  2:40  Warp Gate  
  32  2:47  Probe  
  32  2:48  Probe  
  34  2:54  Phoenix  
  34  2:59  Probe  
  34  3:01  Probe  
  38  3:11  Pylon, Probe  
  39  3:13  Phoenix, Probe  
  42  3:23  Probe  
  42  3:25  Probe  
  44  3:34  Phoenix  
  44  3:36  Probe  
  44  3:37  Probe  
  48  3:46  Pylon  
  48  3:48  Gateway, Probe  
  49  3:49  Gateway, Probe  
  49  3:52  Phoenix  
  50  3:56  Assimilator  
  50  3:58  Assimilator  
  50  4:00  Probe  
  50  4:01  Probe  
  54  4:08  Pylon  
  54  4:12  Probe, Robotics Facility  
  54  4:13  Probe  
  56  4:21  Phoenix  
  56  4:24  Probe  
  56  4:26  Probe  
  56  4:31  Nexus  
  60  4:37  Probe  
  60  4:38  Phoenix  
  61  4:48  Probe  
  61  4:51  Probe  
  63  4:54  Pylon  
  63  5:00  Probe  
  63  5:01  Phoenix  
  63  5:03  Immortal, Robotics Bay  
  63  5:04  Forge, Probe  
  67  5:12  Probe  
  72  5:16  Probe  
  72  5:20  Pylon  
  73  5:24  Probe  
  73  5:26  Phoenix  
  73  5:28  Probe  
  75  5:32  Pylon  
  75  5:36  Probe  
  75  5:37  Protoss Ground Weapons Level 1  
  75  5:38  Observer  
  75  5:40  Probe, Assimilator  
  77  5:46  Probe  
  77  5:48  Probe  
  80  5:51  Colossus, Photon Cannon  
  80  5:52  Shield Battery  
  80  5:54  Phoenix  
  82  5:57  Probe  
  82  6:04  Probe x2  
  90  6:09  Probe  
  92  6:14  Phoenix  
  92  6:15  Assimilator  
  92  6:16  Probe x2  
  94  6:20  Pylon  
  94  6:21  Probe  
  95  6:28  Pylon  
  95  6:30  Photon Cannon  
  95  6:31  Pylon  
  95  6:32  Stargate  
  95  6:34  Colossus  
  95  6:38  Probe x2  
  97  6:40  Zealot  
  97  6:41  Zealot  
  103  6:50  Protoss Air Weapons Level 1  
  103  6:51  Probe  
  103  6:52  Pylon  
  103  6:53  Phoenix  
  110  6:56  Zealot  
  110  6:59  Probe  
  113  7:03  Probe  
  113  7:05  Pylon  
  113  7:08  Probe  
  115  7:09  Photon Cannon  
  115  7:10  Extended Thermal Lance  
  115  7:18  Phoenix  
  115  7:19  Colossus, Phoenix, Nexus  
  115  7:21  Pylon  
  119  7:27  Probe x3  
  122  7:34  Stalker  
  130  7:37  Stalker  
  130  7:39  Probe x3  
  133  7:51  Protoss Shields Level 1, Probe x3  
  133  7:53  Phoenix  
  133  7:57  Phoenix  
  139  8:03  Probe x3, Assimilator x2  
  139  8:04  Zealot  
  144  8:08  Stalker x2  
  145  8:15  Probe x3  
  144  8:20  Colossus  
  144  8:23  Phoenix  
  144  8:27  Probe x2  
  144  8:28  Probe  
  155  8:37  Probe, Phoenix  
  155  8:39  Probe  
  159  8:45  Probe  
  159  8:52  Fleet Beacon  
  159  8:55  Phoenix  
  160  9:01  Phoenix, Nexus  
  160  9:02  Pylon  
  164  9:13  Phoenix, Twilight Council  
  164  9:15  Stargate  
  164  9:16  Probe x2  
  164  9:19  Colossus  
  164  9:27  Pylon, Carrier  
  164  9:29  Pylon  
  164  9:34  Photon Cannon  
  164  9:36  Photon Cannon  
  164  9:37  Photon Cannon  
  164  9:45  Carrier  
  176  9:48  Photon Cannon  
  176  9:49  Observer, Photon Cannon  
  176  9:50  Photon Cannon  
  176  9:52  Pylon  
  174  9:54  Carrier  
  174  9:59  Anion Pulse-Crystals  
  172  10:06  Disruptor  
  172  10:09  Protoss Ground Weapons Level 2  
  181  10:23  Protoss Air Weapons Level 2  
  181  10:24  Photon Cannon  
  181  10:25  Shield Battery  
  181  10:28  Pylon  
  181  10:31  Cybernetics Core  
  181  10:32  Pylon, Carrier  
  181  10:33  Charge  
  181  10:37  Photon Cannon, Assimilator  
  181  10:38  Shield Battery, Assimilator  
  181  10:40  Zealot  
  189  10:42  Carrier  
  189  10:52  Pylon  
  193  10:58  Carrier  
  193  11:01  Probe  
  186  11:04  Probe x3  
  186  11:05  Probe  
  193  11:15  Disruptor  
  193  11:21  Protoss Air Armor Level 1  
  193  11:23  Carrier  
  193  11:24  Photon Cannon  
  193  11:25  Photon Cannon  
  193  11:26  Shield Battery  
  193  11:28  Gateway x2  
  193  11:29  Pylon  
  193  11:30  Gateway  
  193  11:32  Templar Archives  
  193  11:34  Gateway  
  193  11:36  Photon Cannon  
  199  12:02  Photon Cannon, Shield Battery  
  199  12:06  Nexus  
  199  12:08  Pylon  
  199  12:09  Stargate  
  199  12:11  Stargate  
  199  12:13  Gateway  
  199  12:15  Gateway  
  199  12:31  Photon Cannon  
  199  12:32  Photon Cannon  
  199  12:34  Photon Cannon  
  199  12:36  Photon Cannon  
  199  12:40  Assimilator  
  199  12:41  Gateway, Assimilator  
  199  12:44  Pylon  
Tags
 
Add a new tag
Caveats
  • Supply blocks, unpowered buildings, or Contaminate may cause inaccurate times.
  • Supply counts are checked every 10 seconds.